 Dungeon Crawl Stone Soup version 0.22.1-2-g9c5b331383 (webtiles) character file.

1470 Jukra the Grappler (level 8, -5/75 HPs)
             Began as a Troll Monk on Oct 20, 2018.
             Was a Follower of Uskayaw.
             Slain by a killer bee (6 damage)
             ... on level 7 of the Dungeon on Dec 23, 2018.
             The game lasted 00:21:13 (3163 turns).

Jukra the Grappler (Troll Monk)                     Turns: 3163, Time: 00:21:13

Health: -5/75      AC:  8    Str: 22    XL:     8   Next: 49%
Magic:  7/7        EV: 11    Int:  6    God:    Uskayaw [*.....]
Gold:   191        SH:  0    Dex: 12    Spells: 7/7 levels left

rFire    x . .     SeeInvis .     - Unarmed
rCold    + . .     Gourm    +   (no shield)
rNeg     . . .     Faith    .   a - +0 robe
rPois    .         Spirit   .   (helmet restricted)
rElec    .         Reflect  .   r - +2 cloak {+Inv}
rCorr    .         Harm     .   (gloves unavailable)
MR       .....                  (boots unavailable)
Stlth    ++........             (no amulet)
HPRegen  0.62/turn              o - ring of ice
MPRegen  0.10/turn              (no ring)

@: lethally poisoned (-5 -> -12)
A: large, unfitting armour, claws 3, fast metabolism 3, gourmand, regeneration
1, shaggy fur 1, tough skin 2
a: Stomp, Renounce Religion, Evoke Invisibility


You were on level 7 of the Dungeon.
You worshipped Uskayaw.
Uskayaw was noncommittal.
You were full.

You visited 1 branch of the dungeon, and saw 6 of its levels.

You collected 191 gold pieces.

Inventory:

Hand Weapons
 n - a +3 quarterstaff of chaos
 q - a +5 flail of protection
Armour
 a - a +0 robe (worn)
 r - a +2 cloak of invisibility (worn)
Jewellery
 o - a ring of ice (left claw)
Wands
 g - a wand of acid (4)
 m - a wand of polymorph (28)
Scrolls
 e - 5 scrolls of identify
 f - a scroll of enchant armour
 i - a scroll of teleportation
 k - a scroll of magic mapping {unknown}
 l - 2 scrolls of immolation {unknown}
Potions
 c - 2 potions of degeneration {unknown}
 d - 2 potions of haste {unknown}
 h - a potion of might {unknown}
 j - a potion of berserk rage {unknown}
 p - a potion of mutation {unknown}
Comestibles
 b - 9 rations


   Skills:
 + Level 3.4 Fighting
 + Level 3.8 Dodging
 + Level 2.3 Stealth
 * Level 9.2 Unarmed Combat
 + Level 0.4 Evocations


You had 7 spell levels left.
You didn't know any spells.
Your spell library was empty.

Dungeon Overview and Level Annotations

Branches:
Dungeon (7/15)             Temple (0/1) D:7

Altars:
Cheibriados
Gozag
Uskayaw
Zin


Innate Abilities, Weirdness & Mutations

You are too large for most types of armour.
You have claws for hands.
Your metabolism is lightning-fast.
You like to eat raw meat.
Your natural rate of healing is unusually fast.
You are covered in fur. (AC +1)
You have very tough skin. (AC +2)


Message History

The killer bee barely misses you. The killer bee misses you.
* * * LOW HITPOINT WARNING * * *
You feel sick. The killer bee closely misses you.
You miss the killer bee.
The killer bee is moderately wounded.
* * * LOW HITPOINT WARNING * * *
You feel sick.
The sky beast flickers out of sight!
Deactivating autopickup; reactivate with Ctrl-A.
The killer bee closely misses you.
You miss the killer bee.
The killer bee is moderately wounded.
* * * LOW HITPOINT WARNING * * *
You feel sick. The killer bee closely misses you. x2
The killer bee stings you.
* * * LOW HITPOINT WARNING * * *
You closely miss the killer bee.
The killer bee is moderately wounded.
* * * LOW HITPOINT WARNING * * *
You feel sick. The killer bee misses you. The killer bee stings you.
You die...

#.##.##.#.#
#.##.##.#..
#.##.##.########
#.#..##..........
#.#..........%...
#.#..........$...
#.#..............
#y#.............
#@yy............
###y>......#...
#######..#/..
#?.# ## #..# #..#
#.†# #..# ....


You could see 4 killer bees.

Vanquished Creatures
  Sigmund (D:6)
  A hog (D:6)
  Edmund (D:6)
  A black bear (D:6)
  3 centaurs (D:6)
  2 bullfrogs
  A killer bee (D:7)
  A howler monkey (D:6)
  3 hounds
  A jelly (D:6)
  Crazy Yiuf (D:6)
  An iguana (D:4)
  2 orc wizards (D:6)
  2 worker ants
  7 gnolls
  11 adders
  4 worms
  2 dart slugs
  4 leopard geckos
  6 orcs
  5 goblins
  A hobgoblin (D:1)
  14 jackals
  6 quokkas
  A ball python (D:6)
  4 bats
  5 frilled lizards
  11 kobolds
  9 rats
111 creatures vanquished.

Notes
Turn   | Place    | Note
-------+----------+-------------------------------------------
     0 | D:1      | Jukra the Troll Monk began the quest for the Orb.
     0 | D:1      | Reached XP level 1. HP: 22/22 MP: 0/0
    97 | D:1      | Reached XP level 2. HP: 29/29 MP: 1/1
   652 | D:1      | Upgraded the game from 0.22.1-1-ga44c0e56f4 to
                  | 0.22.1-2-g9c5b331383
   746 | D:2      | Reached XP level 3. HP: 36/36 MP: 2/2
   807 | D:2      | Reached skill level 4 in Unarmed Combat
   885 | D:2      | Found a glowing silver altar of Zin.
   920 | D:2      | Found an opulent altar of Gozag.
  1024 | D:2      | Reached XP level 4. HP: 43/44 MP: 3/3
  1044 | D:2      | Found a hide-covered altar of Uskayaw.
  1079 | D:2      | Became a worshipper of Uskayaw the Reveler
  1079 | D:2      | Reached * piety under Uskayaw
  1277 | D:3      | Reached ** piety under Uskayaw
  1373 | D:3      | Reached *** piety under Uskayaw
  1374 | D:3      | Reached XP level 5. HP: 23/52 MP: 0/4
  1440 | D:3      | Reached skill level 5 in Unarmed Combat
  1835 | D:4      | You fall through a shaft for 2 floors!
  1838 | D:6      | Noticed a centaur
  1848 | D:6      | Killed a centaur
  1848 | D:6      | Reached skill level 6 in Unarmed Combat
  1848 | D:6      | Reached XP level 6. HP: 16/61 MP: 1/5
  1984 | D:6      | Found a snail-covered altar of Cheibriados.
  2038 | D:6      | Noticed an ice beast
  2038 | D:6      | a gnoll sergeant changed into an ice beast
  2048 | D:6      | Reached XP level 7. HP: 59/67 MP: 6/6
  2060 | D:6      | Noticed a hog
  2060 | D:6      | an ice beast changed into a hog
  2061 | D:6      | Reached **** piety under Uskayaw
  2062 | D:6      | Reached ***** piety under Uskayaw
  2064 | D:6      | Killed a hog
  2064 | D:6      | Reached skill level 7 in Unarmed Combat
  2239 | D:6      | Noticed Sigmund
  2253 | D:6      | Killed Sigmund
  2253 | D:6      | Reached skill level 8 in Unarmed Combat
  2352 | D:6      | Noticed Edmund
  2364 | D:6      | Killed Edmund
  2364 | D:6      | Reached XP level 8. HP: 44/75 MP: 7/7
  2572 | D:6      | Found a runed door.
  2988 | D:6      | Noticed Crazy Yiuf
  2994 | D:6      | Killed Crazy Yiuf
  2994 | D:6      | Reached skill level 9 in Unarmed Combat
  3071 | D:7      | Found a staircase to the Ecumenical Temple.
  3162 | D:7      | HP: 1/75 [killer bee (5)]
  3163 | D:7      | Slain by a killer bee

Skill      XL: |  1  2  3  4  5  6  7  8 |
---------------+-------------------------+-----
Unarmed Combat | 4 6 8 9 |  9.2
Dodging        | 3 |  3.8
Fighting       | 3 |  3.4
Stealth        | 2 |  2.3
Evocations     | |  0.4

Action                   |  1- 3 |  4- 6 |  7- 9 || total
-------------------------+-------+-------+-------++-------
Melee: Unarmed           |   115 |   112 |    92 ||   319
       Punch             |     1 |     3 |     1 ||     5
Invok: Stomp             |       |     4 |     1 ||     5
Evoke: Wand              |       |     2 |     2 ||     4
  Use: Scroll            |       |     4 |       ||     4
 Stab: Sleeping          |     2 |     1 |     1 ||     4
       Paralysed         |       |     3 |     2 ||     5
  Eat: Ration            |     2 |       |       ||     2
       Chunk             |     5 |    12 |     8 ||    25
Armor: Robe              |    68 |    29 |    19 ||   116
Dodge: Dodged            |    74 |    63 |    64 ||   201
